 Dungeon Crawl Stone Soup version 0.30-a0-782-ge64f9170bb (webtiles) character file.

Game seed: 2197549957626192106

11 Flugkiller the Sneak (level 2, -1/22 HPs)
             Began as a Demonspawn Delver on Mar 7, 2023.
             Was a Follower of Hepliaklqana.
             Slain by a hobgoblin (3 damage)
             ... led by Robin
             ... on level 3 of the Dungeon.
             The game lasted 00:02:27 (426 turns).

Flugkiller the Sneak (Demonspawn Delver)             Turns: 426, Time: 00:02:27

Health: -1/22      AC:  3    Str: 12    XL:     2   Next: 13%
Magic:  2/2        EV: 11    Int: 11    God:    Hepliaklqana [*.....]
Gold:   56         SH:  0    Dex: 14    Spells: 1/1 levels left

rFire   . . .      SeeInvis .    a - +0 hand axe
rCold   . . .      Faith    .    (no shield)
rNeg    . . .      Spirit   .    b - +0 leather armour
rPois   .          Reflect  .    (no helmet)
rElec   .          Harm     .    (no cloak)
rCorr   .          Rampage  .    (no gloves)
Will    .....                    (no boots)
Stlth   ++                       (no amulet)
HPRegen 0.23/turn                (no ring)
MPRegen 0.08/turn                (no ring)

@: flying
A: reduced essence, powered by pain 1
a: Renounce Religion, Recall Ancestor, Ancestor Identity


You were on level 3 of the Dungeon.
You worshipped Hepliaklqana.
Hepliaklqana was aware of your devotion.
You visited 1 branch of the dungeon, and saw 3 of its levels.

You collected 56 gold pieces.

Inventory:

Hand Weapons
 a - a +0 hand axe (weapon)
Armour
 b - a +0 leather armour (worn)
 j - a +4 plate armour
   (You found it on level 4 of the Dungeon)
Wands
 f - a wand of polymorph (6)
   (You found it on level 5 of the Dungeon)
 g - a wand of digging (2)
Scrolls
 c - a scroll of fog


   Skills:
 + Level 3.6 Fighting
 - Level 1.7 Axes
 - Level 1.7 Dodging
 - Level 4.5 Stealth


You had one spell level left.
You didn't know any spells.
Your spell library was empty.

Dungeon Overview and Level Annotations

Branches:
Dungeon (5/15) Zot: 17583
 Temple: D:4-7

Altars:
Hepliaklqana

Annotations:
D:5 Ijyb


Innate Abilities, Weirdness & Mutations

Your life essence is reduced to manifest your ancestor. (-10% HP)
You sometimes gain a little power by taking damage.


Message History

The goblin hits you but does no damage.
The hobgoblin barely misses Lici.
A hobgoblin comes into view.
Lici hits the hobgoblin but does no damage.
The goblin misses you.
The hobgoblin closely misses Lici.
Robin throws the goblin at you! The goblin attacks as you move away!
The goblin misses you.
Lici hits the hobgoblin.
The goblin misses you.
The hobgoblin closely misses Lici.
The goblin attacks as you move away! The goblin misses you.
Lici completely misses the hobgoblin.
The hobgoblin hits Lici.
You see here a +0 robe.
The goblin attacks as you move away! The goblin hits you with a +0 club.
Lici hits the hobgoblin but does no damage.
The hobgoblin hits Lici.
Lici is destroyed!
The hobgoblin shouts!
The goblin attacks as you move away! The goblin hits you with a +0 club.
It was a potion of curing.
You feel better. The goblin barely misses you.
Okay, then.
As you read the scroll labelled ZEDER AMUOPNYH, it crumbles to dust.
It is a scroll of amnesia.
You feel forgetful for a moment.
The hobgoblin no longer looks unusually strong.
The goblin hits you with a +0 club. x2
Okay, then.
Nothing quivered!
Unknown command.
Okay, then.
Aiming: Polymorph
Press: ? - help, Shift-Dir - straight line, f - Robin
Aim: Robin, wielding a +0 mace, wearing a +0 animal skin and wearing a +0 helmet (unusually resistant, will become a kobold, an orc, or a howler monkey, chance to affect: 57%) Robin evaporates and reforms as a kobold!
The goblin no longer looks unusually strong.
The goblin hits you but does no damage. The goblin barely misses you.
Robin picks up a +0 mace.
Robin wields a +0 mace.
Robin picks up a +0 animal skin.
Robin wears a +0 animal skin.
You hit Robin but do no damage. You hit the goblin.
You kill the goblin!
You closely miss the goblin. The goblin misses you.
Unknown command.
You hit Robin.
You kill Robin!
Robin returns to their original shape as they die.
You hit the goblin. The goblin misses you. x2
The goblin hits you but does no damage. The hobgoblin closely misses you.
Unknown command.
You hit the goblin.
You kill the goblin!
You hit the goblin. You closely miss the hobgoblin.
The hobgoblin barely misses you. The goblin hits you but does no damage.
A goblin comes into view. It is wielding a +0 dagger.
You have reached level 2!
Your demonic ancestry asserts itself...
You feel energised by your suffering.
You barely miss the goblin. You hit the goblin.
You kill the goblin!
You hit the hobgoblin but do no damage.
A kobold comes into view.
It is wielding a +0 quarterstaff and quivering poisoned darts.
The hobgoblin barely misses you. The goblin hits you but does no damage.
The kobold shouts!
You hit the goblin.
The goblin is moderately wounded.
You closely miss the hobgoblin.
A hobgoblin comes into view. It is wielding a +0 hand axe.
The hobgoblin hits you. The goblin hits you but does no damage.
You hit the hobgoblin.
The hobgoblin is almost dead.
You hit the goblin but do no damage. The goblin closely misses you.
The hobgoblin hits you.
Unknown command.
You closely miss the goblin.
The goblin is moderately wounded.
You hit the hobgoblin but do no damage. You hit the hobgoblin.
You kill the hobgoblin!
The kobold throws a poisoned dart.
The poisoned dart barely misses you.
A kobold comes into view. It is wielding a +0 dagger.
The goblin hits you with a +0 club. The hobgoblin hits you.
* * * LOW HITPOINT WARNING * * *
The goblin hits you but does no damage.
The kobold moves out of view.
You hit the goblin but do no damage.
The goblin is moderately wounded.
You closely miss the goblin. You closely miss the hobgoblin.
The hobgoblin hits you but does no damage.
The goblin hits you with a +0 dagger.
* * * LOW HITPOINT WARNING * * *
The goblin barely misses you.
Unknown command.
You hit the hobgoblin but do no damage. You closely miss the goblin.
You hit the goblin but do no damage.
The hobgoblin hits you but does no damage.
The goblin hits you with a +0 dagger.
* * * LOW HITPOINT WARNING * * *
The goblin hits you with a +0 club.
* * * LOW HITPOINT WARNING * * *
Unknown command.
Okay, then.
It was a potion of flight.
You feel very buoyant.
You fly up into the air.
The hobgoblin hits you.
You die...

.........+
#####....#
#g..$# #....#
#....# #....#
########[...#
#....gg.....#
#....@gg....#
#...).K....##
#..........#
#..........#
#..........#
#..........#
#..............
############...
...#


You could see 2 hobgoblins, 2 goblins and a kobold.

Vanquished Creatures
  3 goblins (D:3)
  2 hobgoblins (D:3)
  A bat (D:3)
  A kobold (D:3)
  A rat (D:3)
8 creatures vanquished.

Vanquished Creatures (collateral kills)
  An endoplasm (D:3)
  A ball python (D:3)
2 creatures vanquished.

Vanquished Creatures (others)
  An ancestor (D:3)
1 creature vanquished.

Grand Total: 11 creatures vanquished

Notes
Turn   | Place    | Note
-------+----------+-------------------------------------------
     0 | D:5      | Flugkiller the Demonspawn Delver began the quest for the
                  | Orb.
     0 | D:5      | Reached XP level 1. HP: 18/18 MP: 1/1
    47 | D:5      | Noticed a hound
    65 | D:5      | Noticed Ijyb
   118 | D:5      | Noticed a scorpion
   145 | D:5      | Found a hazy altar of Hepliaklqana.
   160 | D:5      | Became a worshipper of Hepliaklqana the Forgotten
   164 | D:5      | Noticed an iguana
   226 | D:5      | Noticed a black bear
   274 | D:5      | Noticed a jelly
   275 | D:5      | Noticed a necrophage
   287 | D:5      | Noticed an ice beast
   296 | D:5      | Noticed an iguana
   350 | D:4      | Noticed a lemure
   350 | D:4      | Noticed a lemure
   350 | D:4      | Noticed a lemure
   370 | D:3      | Reached * piety under Hepliaklqana
   400 | D:3      | Noticed Robin
   416 | D:3      | Robin changed into Robin the kobold
   416 | D:3      | Noticed Robin
   418 | D:3      | Killed Robin the kobold
   420 | D:3      | Gained mutation: You sometimes gain a little power by
                  | taking damage. [demonic ancestry]
   420 | D:3      | Reached XP level 2. HP: 10/21 MP: 2/2
   425 | D:3      | HP: 1/22 [goblin/+0 club[Robin] (2)]
   426 | D:3      | Slain by a hobgoblin

Illustrated notes

Levels and vault maps discovered:
D:3:      layout_basic, xom_redecorated,
          mainiacjoe_overflow_concentric_impassable,
          nicolae_nh_oracle_at_delphi, uniq_robin
D:4:      layout_rooms, ashenzari_altar_1, uniq_pikel
D:5:      layout_gridville, old_standard_altar,
          gammafunk_temple_overflow_statue, pf_guarded_unrand_delatra,
          uniq_ijyb, uniq_duvessa

Action                     || total
---------------------------++-------
  Melee: Hand axe          ||    25
 Invoke: Ancestor Identity ||     1
  Evoke: Wand              ||     2
    Use: Scroll            ||     3
         Potion            ||     3
 Armour: Leather armour    ||    24
  Dodge: Dodged            ||    33

Table legend: (Time is in decaauts)
 A = Elapsed time spent in this place.
 B = Non-inter-level travel time spent in this place.
 C = Inter-level travel time spent in this place.
 D = Time resting spent in this place.
 E = Time spent auto-exploring this place.
 F = Levels seen in this place.
 G = Mean time per level.
                   A        B        C        D        E       F      G
               +--------+--------+--------+--------+--------+-----+--------+
         Total |    415 |    415 |      0 |      0 |      0 |   3 |  138.3 |
       Dungeon |    415 |    415 |      0 |      0 |      0 |   3 |  138.3 |
               +--------+--------+--------+--------+--------+-----+--------+

Top non-repeatable levels by time:
     D:5: 294 daAuts
     D:3: 61 daAuts
     D:4: 60 daAuts
